 Dungeon Sprint DCSS version 0.30-a0-177-g1cb5dbfd7a (webtiles) character file.

Game seed: 4101117985758165129

309 hellse the Martial Artist (level 6, -8/61 HPs)
             Began as a Gnoll Transmuter on Oct 2, 2022.
             Was an Initiate of Cheibriados.
             Mangled by a spatial vortex (18 damage)
             ... in the Dungeon (Sprint III: "The Ten Rune Challenge").
             The game lasted 00:01:01 (484 turns).

hellse the Martial Artist (Gnoll Transmuter)         Turns: 484, Time: 00:01:02

Health: -8/61      AC:  6    Str: 12    XL:     6   Next: 41%
Magic:  11/15      EV: 12    Int: 14    God:    Cheibriados [......]
Gold:   39         SH:  0    Dex: 13    Spells: 10/18 levels left

rFire   x . .      SeeInvis .      - Unarmed
rCold   + + +      Faith    .    (shield currently unavailable)
rNeg    . . .      Spirit   .    (body armour currently unavailable)
rPois   +          Reflect  .    (helmet currently unavailable)
rElec   .          Harm     .    (cloak currently unavailable)
rCorr   .          Rampage  .    (gloves currently unavailable)
Will    .....      NoTele   +    (boots currently unavailable)
Stlth   +++.......               (no amulet)
HPRegen 0.30/turn                (no ring)
MPRegen 0.14/turn                (no ring)

@: ice-form, very slow
A: freezing attack, amphibious, boosted hp, large, (fangs 1), strong nose,
distributed training
a: End Transformation, Renounce Religion


You were in the Dungeon.
You worshipped Cheibriados.
Cheibriados was noncommittal.
You were a creature of crystalline ice.
You visited 1 branch You collected 39 gold pieces.

Inventory:

Armour
 a - a +0 robe (melded)
Scrolls
 h - a scroll of blinking
 j - a scroll of poison {unknown}
 k - a scroll of identify {unknown}
 m - a scroll of torment {unknown}
 n - a scroll of fog {unknown}
Potions
 c - a potion of curing
 d - a potion of heal wounds
 e - a potion of haste
 f - 2 potions of magic
 g - a potion of berserk rage
 i - 4 potions of mutation {unknown}
 l - 2 potions of flight {unknown}


   Skills:
 + Level 5.4 Fighting
 + Level 4.6 Short Blades
 + Level 4.6 Long Blades
 + Level 4.6 Axes
 + Level 4.6 Maces & Flails
 + Level 4.6 Polearms
 + Level 4.6 Staves
 + Level 4.6 Ranged Weapons
 + Level 4.6 Throwing
 + Level 4.6 Armour
 + Level 6.6 Dodging
 + Level 4.6 Stealth
 + Level 4.6 Shields
 + Level 8.1 Unarmed Combat
 + Level 6.9 Spellcasting
 + Level 3.8 Conjurations
 + Level 3.8 Hexes
 + Level 3.8 Summonings
 + Level 3.8 Necromancy
 + Level 3.8 Translocations
 + Level 5.5 Transmutations
 + Level 3.8 Fire Magic
 + Level 3.8 Ice Magic
 + Level 3.8 Air Magic
 + Level 3.8 Earth Magic
 + Level 3.8 Poison Magic
 + Level 5.1 Invocations
 + Level 4.6 Evocations


You had 10 spell levels left.
You knew the following spells:

 Your Spells              Type           Power      Damage    Failure   Level
a - Beastly Appendage     Tmut           40%        N/A       1%          1
b - Spider Form           Tmut/Pois      18%        N/A       6%          3
c - Ice Form              Ice/Tmut       18%        N/A       21%         4

Your spell library contained the following spells:

 Spells                   Type           Power      Damage    Failure   Level
 Wereblood                Tmut           20%        N/A       2%          2


Dungeon Overview and Level Annotations

Branches:
Dungeon (1/1)

Altars:
Cheibriados
Fedhas
Gozag
Hepliaklqana
Makhleb
Nemelex Xobeh
Qazlal
Xom
Jiyva
Lugonu


Innate Abilities, Weirdness & Mutations

You are a creature of crystalline ice.
You have a powerful freezing melee attack.
You are amphibious.
Your maximum health is increased.
Your armour is entirely melded.
You are incapable of wielding weapons or throwing items.
((You have very sharp teeth.))
Your uncanny sense of smell can sniff out nearby items.
Your experience applies equally to all skills.


Message History

Your Unarmed Combat skill increases to level 8!
Your Conjurations skill increases to level 3!
Your Hexes skill increases to level 3!
Your Summonings skill increases to level 3!
Your Necromancy skill increases to level 3!
Your Translocations skill increases to level 3!
Your Transmutations skill increases to level 5!
Your Fire Magic skill increases to level 3!
Your Ice Magic skill increases to level 3!
Your Air Magic skill increases to level 3!
Your Earth Magic skill increases to level 3!
Your Poison Magic skill increases to level 3!
Your Invocations skill gained 2 levels and is now at level 5!
Your Evocations skill increases to level 4!
You have reached level 6!
Unknown command.
You pummel the jelly!! You freeze the jelly.
You kill the jelly!
Unknown command.
No target in view!
No target in view!
You open the door.
Found a blossoming altar of Fedhas and a stormy altar of Qazlal.
A spatial vortex comes into view.
Found a box of beasts.
Found eight altars.
There is an open door here.
There is a snail-covered altar of Cheibriados here.
You bow your head before the altar of Cheibriados.
Cheibriados welcomes you!
Cheibriados begins to support your attributes as your movement slows.
Cheibriados is now slowing the effects of poison on you.
The helpless spatial vortex fails to defend itself.
You hit the spatial vortex.
The spatial vortex is lightly damaged.
You hit the spatial vortex but do no damage.
The spatial vortex is lightly damaged.
The spatial vortex hits you!!
* * * LOW HITPOINT WARNING * * *
Space warps horribly around you!!
You die...

...♣.♣ ♣..#∆ ∆ ∆ ∆
...~♣♣♣♣..###+#+###+##∆
..~~......#..........#
.~~~~♣.♣♣.'.⌠........#
∆∆
.~≈≈~~~♣♣.#...######'#
∆
~~≈~~~....#.⌠.#__#...#
~≈~~~.....#...#__#...#
~~~.......#+###__#...#
..........# ∆∆#vY#...+
..........# #__'...#
▓▓▓▓▓▓▓▓▓▓▓ ▓▓▓▓▓▓▓▓


You could see a spatial vortex.

Vanquished Creatures
  A shadow (D)
  A water elemental (D)
  A jelly (D)
  Jessica (D)
  A human (D)
  A phantom (D)
  2 endoplasms (D)
  A rat (D)
9 creatures vanquished.

Vanquished Creatures (others)
  2 plants (D)
2 creatures vanquished.

Grand Total: 11 creatures vanquished

Notes
Turn   | Place    | Note
-------+----------+-------------------------------------------
     0 | D        | hellse the Gnoll Transmuter began the quest for the Orb.
     0 | D        | Reached XP level 1. HP: 17/17 MP: 6/6
     7 | D        | Reached skill level 5 in Spellcasting
    11 | D        | Noticed Jessica
    18 | D        | Killed Jessica
    19 | D        | Reached skill level 1 in Short Blades
    19 | D        | Reached skill level 1 in Long Blades
    19 | D        | Reached skill level 1 in Axes
    19 | D        | Reached skill level 1 in Maces & Flails
    19 | D        | Reached skill level 1 in Polearms
    19 | D        | Reached skill level 1 in Staves
    19 | D        | Reached skill level 1 in Ranged Weapons
    19 | D        | Reached skill level 1 in Throwing
    19 | D        | Reached skill level 1 in Armour
    19 | D        | Reached skill level 5 in Dodging
    19 | D        | Reached skill level 1 in Stealth
    19 | D        | Reached skill level 1 in Shields
    19 | D        | Reached skill level 1 in Conjurations
    19 | D        | Reached skill level 1 in Hexes
    19 | D        | Reached skill level 1 in Summonings
    19 | D        | Reached skill level 1 in Necromancy
    19 | D        | Reached skill level 1 in Translocations
    19 | D        | Reached skill level 1 in Fire Magic
    19 | D        | Reached skill level 1 in Ice Magic
    19 | D        | Reached skill level 1 in Air Magic
    19 | D        | Reached skill level 1 in Earth Magic
    19 | D        | Reached skill level 1 in Poison Magic
    19 | D        | Reached skill level 1 in Evocations
    19 | D        | Reached XP level 2. HP: 9/24 MP: 8/8
    19 | D        | Reached XP level 3. HP: 11/29 MP: 9/9
    97 | D        | Learned a level 3 spell: Spider Form
   176 | D        | Reached skill level 7 in Unarmed Combat
   204 | D        | Noticed a water elemental
   211 | D        | Killed a water elemental
   212 | D        | Reached XP level 4. HP: 37/37 MP: 12/12
   212 | D        | Reached XP level 5. HP: 42/42 MP: 13/13
   402 | D        | Learned a level 4 spell: Ice Form
   469 | D        | Noticed a shadow
   474 | D        | Killed a shadow
   475 | D        | Reached skill level 5 in Fighting
   475 | D        | Reached skill level 8 in Unarmed Combat
   475 | D        | Reached skill level 5 in Transmutations
   475 | D        | Reached skill level 5 in Invocations
   475 | D        | Reached XP level 6. HP: 33/51 MP: 10/15
   479 | D        | Found a blossoming altar of Fedhas.
   479 | D        | Found a stormy altar of Qazlal.
   480 | D        | Found a snail-covered altar of Cheibriados.
   480 | D        | Found a burning altar of Makhleb.
   480 | D        | Found a hazy altar of Hepliaklqana.
   480 | D        | Found a shimmering altar of Xom.
   480 | D        | Found an opulent altar of Gozag.
   480 | D        | Found a sparkling altar of Nemelex Xobeh.
   480 | D        | Found a corrupted altar of Lugonu.
   480 | D        | Found a viscous altar of Jiyva.
   480 | D        | Noticed a spatial vortex
   482 | D        | Became a worshipper of Cheibriados the Contemplative
   484 | D        | Mangled by a spatial vortex

Illustrated notes

Levels and vault maps discovered:
D:        dungeon_sprint_mu [sprint_mu_entry_forest, sprint_mu_temple_rooms,
          sprint_mu_d1_spiders, sprint_mu_d2_genie, sprint_mu_d3_branching,
          sprint_mu_orc_legion, sprint_mu_elf_gauntlet, sprint_mu_hive_nellie,
          sprint_mu_lair_fedhas, sprint_mu_vaults_butterflies,
          sprint_mu_slime_circle, sprint_mu_swamp_cave, sprint_mu_snake_twists,
          sprint_mu_blade_basic, sprint_mu_crypt_fortress,
          sprint_mu_tomb_spiral, sprint_mu_vestibule_basic,
          sprint_mu_gehenna_hellfire, sprint_mu_dis_giant,
          sprint_mu_tartarus_statrot, sprint_mu_cocytus_islands, sprint_mu_zot1]

Skill      XL: |  1  2  3  4  5 |
---------------+----------------+-----
Spellcasting   | 5 6 |  6.9
Fighting       | 3 4 5 |  5.4
Short Blades   | 1 3 4 |  4.6
Long Blades    | 1 3 4 |  4.6
Axes           | 1 3 4 |  4.6
Maces & Flails | 1 3 4 |  4.6
Polearms       | 1 3 4 |  4.6
Staves         | 1 3 4 |  4.6
Ranged Weapons | 1 3 4 |  4.6
Throwing       | 1 3 4 |  4.6
Armour         | 1 3 4 |  4.6
Dodging        | 5 6 |  6.6
Stealth        | 1 3 4 |  4.6
Shields        | 1 3 4 |  4.6
Conjurations   | 1 2 3 |  3.8
Hexes          | 1 2 3 |  3.8
Summonings     | 1 2 3 |  3.8
Necromancy     | 1 2 3 |  3.8
Translocations | 1 2 3 |  3.8
Transmutations | 4 5 |  5.5
Fire Magic     | 1 2 3 |  3.8
Ice Magic      | 1 2 3 |  3.8
Air Magic      | 1 2 3 |  3.8
Earth Magic    | 1 2 3 |  3.8
Poison Magic   | 1 2 3 |  3.8
Invocations    | 2 3 5 |  5.1
Evocations     | 1 3 4 |  4.6
Unarmed Combat | 7 8 |  8.1

Action                   |  1- 3 |  4- 6 || total
-------------------------+-------+-------++-------
Melee: Unarmed           |    24 |     7 ||    31
       Kick              |     2 |       ||     2
       Headbutt          |     2 |       ||     2
       Bite              |     2 |       ||     2
 Cast: Beastly Appendage |     2 |       ||     2
       Spider Form       |     1 |       ||     1
       Ice Form          |       |     1 ||     1
  Use: Potion            |     1 |       ||     1
 Stab: Sleeping          |       |     1 ||     1
Armor: Skin              |     2 |     1 ||     3
Dodge: Dodged            |    15 |       ||    15

Table legend: (Time is in decaauts)
 A = Elapsed time spent in this place.
 B = Non-inter-level travel time spent in this place.
 C = Inter-level travel time spent in this place.
 D = Time resting spent in this place.
 E = Time spent auto-exploring this place.
 F = Levels seen in this place.
 G = Mean time per level.
                   A        B        C        D        E       F      G
               +--------+--------+--------+--------+--------+-----+--------+
         Total |    483 |    483 |      0 |    351 |      0 |   1 |  483.0 |
       Dungeon |    483 |    483 |      0 |    351 |      0 |   1 |  483.0 |
               +--------+--------+--------+--------+--------+-----+--------+

Top non-repeatable levels by time:
       D: 483 daAuts
